 Dungeon Crawl Stone Soup version 0.28-a0-1447-ga5a8893891 (webtiles) character file.

Game seed: 5046214295419058164

147 shadowrider38 the Skirmisher (level 5, -2/91 HPs)
             Began as an Ogre Transmuter on Jan 10, 2022.
             Slain by Crazy Yiuf (4 damage)
             ... on level 3 of the Dungeon.
             The game lasted 00:03:27 (3408 turns).

shadowrider38 the Skirmisher (Ogre Transmuter)      Turns: 3408, Time: 00:03:27

Health: -2/91      AC: 22    Str: 14    XL:     5   Next: 29%
Magic:  8/8        EV:  1    Int: 16    God:
Gold:   73         SH:  0    Dex:  9    Spells: 7/8 levels left

rFire   . . .      SeeInvis .   a - +0 hand axe (drain)
rCold   . . .      Faith    .   (no shield)
rNeg    . . .      Spirit   .   (armour currently unavailable)
rPois   +          Reflect  .   (helmet currently unavailable)
rElec   .          Harm     .   (cloak currently unavailable)
rCorr   .          Rampage  .   (gloves unavailable)
Will    .....      NoTele   +   (boots unavailable)
Stlth   +.........              (no amulet)
HPRegen 0.25/turn               k - ring of poison resistance
MPRegen 0.11/turn               (no ring)

@: lethally poisoned (-2 -> -4), tree-form
A: stationary, stasis, torment immunity, boosted hp, large, unfitting armour,
(tough skin 1)
a: no special abilities


You were on level 3 of the Dungeon.
You were a tree.
You visited 1 branch of the dungeon, and saw 3 of its levels.

You collected 73 gold pieces.

Inventory:

Hand Weapons
 a - a +0 hand axe of draining (weapon)
 m - a +0 mace
Missiles
 h - 15 stones
Armour
 g - a +0 robe (melded)
Jewellery
 k - a ring of poison resistance (left branch)
Scrolls
 c - 3 scrolls of identify {unknown}
 d - a scroll of summoning {unknown}
 i - a scroll of brand weapon {unknown}
 j - 2 scrolls of enchant weapon {unknown}
 o - a scroll of fog {unknown}
 p - a scroll of enchant armour {unknown}
Potions
 b - 2 potions of haste {unknown}
 e - a potion of curing {unknown}
 f - a potion of might {unknown}
 l - a potion of lignification
 n - a potion of degeneration {unknown}
 q - a potion of heal wounds {unknown}


   Skills:
 + Level 6.6 Fighting
 - Level 1.7 Dodging
 - Level 2.6 Unarmed Combat
 - Level 2.4 Spellcasting
 - Level 1.7 Transmutations


You had 7 spell levels left.
You knew the following spells:

 Your Spells              Type           Power      Damage    Failure   Level
a - Beastly Appendage     Tmut           14%        N/A       10%         1

Your spell library contained the following spells:

 Spells                   Type           Power      Damage    Failure   Level
 Wereblood                Tmut           7%         N/A       14%         2
 Freeze                   Ice            4%         1d3       21%         1
 Spider Form              Tmut/Pois      4%         N/A       38%         3
 Frozen Ramparts          Ice            2%         1d2       52%         3
 Ice Form                 Ice/Tmut       4%         N/A       80%         4
 Hailstorm                Conj/Ice       1%         3d3       89%         4


Dungeon Overview and Level Annotations

Branches:
Dungeon (3/15)

Altars:
Ashenzari
Hepliaklqana
Uskayaw
Zin

Shops:
D:3 =

Annotations:
D:3 exclusion: sky beast, Crazy Yiuf


Innate Abilities, Weirdness & Mutations

You are a tree.
Your roots penetrate the ground, keeping you stationary.
You cannot be teleported.
You are immune to unholy pain and torment.
Your maximum health is greatly increased.
Your equipment is partially melded.
You are too large for most types of armour.
((You have tough skin. (AC +1)))


Message History

Press: ? - help, v - describe, . - travel
Here: Crazy Yiuf, wielding a +3 quarterstaff of chaos and wearing a +0 cloak (fire blocked by a runed translucent door)
The floor.
Unknown command.
Casting: Beastly Appendage (safe; 10% risk of failure)
Press: ? - help, Q - select action, (/) - cycle Dir - look around, f - activate You grow a pair of large bovine horns.
Your feet morph into talons.
You open the door. You barely miss Crazy Yiuf.
Your transformation is almost over.
Crazy Yiuf closely misses you.
You closely miss Crazy Yiuf. You claw Crazy Yiuf, but do no damage.
Crazy Yiuf hits you with a +3 quarterstaff of chaos!
You are poisoned.
You barely miss Crazy Yiuf. You claw Crazy Yiuf, but do no damage.
You feel very sick.
Crazy Yiuf hits you with a +3 quarterstaff of chaos!
You are electrocuted!
Crazy Yiuf hits you with a +3 quarterstaff of chaos!
* * * LOW HITPOINT WARNING * * *
You hit Crazy Yiuf. You drain Crazy Yiuf. Your headbutt misses Crazy Yiuf.
Crazy Yiuf is moderately wounded.
You feel sick. Crazy Yiuf closely misses you.
You hit Crazy Yiuf. Your kick misses Crazy Yiuf.
You punch Crazy Yiuf, but do no damage.
Crazy Yiuf is heavily wounded.
You feel sick.
Crazy Yiuf hits you with a +3 quarterstaff of chaos!
* * * LOW HITPOINT WARNING * * *
Crazy Yiuf burns you.
* * * LOW HITPOINT WARNING * * *
It was a potion of lignification.
Your horns disappear.
Your talons disappear.
You turn into a tree.
Your +0 robe melds into your body.
Your roots penetrate the ground.
* * * LOW HITPOINT WARNING * * *
You feel sick.
Crazy Yiuf screams, "Gum!"
Crazy Yiuf hits you with a +3 quarterstaff of chaos.
You die...

#........#..# #...#
##..... .......<....#
#...# #.....
.....###.#.## #...#
####..### .<...###.###
##### #....## #
.....#...# #....#
....##.###
#######....## #
....##.# ###
###.#....#....###
....##.#
#...##..#.......###...
######.#
#...g♣####P.....# ###.
# #.# #)..###
##....######. # #.#
### ###### #.... # #.#
#.##. ######.### #.##.
.........# ###
############.###
#######.## #.#
#.........##.###
#[#####.##
#..#.>#.#.##....
#.##.....#
#######.#.######


You could see Crazy Yiuf (drained).

Vanquished Creatures
  Terence (D:3)
  Natasha (thrice) (D:3)
  An adder (D:2)
  A worm (D:2)
  An orc (D:3)
  2 ball pythons
  4 bats
  3 endoplasms (D:3)
  2 giant cockroaches
  3 hobgoblins
  5 quokkas
  2 frilled lizards
  A goblin (D:1)
  4 kobolds
  5 rats
38 creatures vanquished.

Vanquished Creatures (others)
  A fungus (D:3)
1 creature vanquished.

Grand Total: 39 creatures vanquished

Notes
Turn   | Place    | Note
-------+----------+-------------------------------------------
     0 | D:1      | shadowrider38 the Ogre Transmuter began the quest for the
                  | Orb.
     0 | D:1      | Reached XP level 1. HP: 19/19 MP: 3/3
   181 | D:1      | Reached skill level 2 in Fighting
   360 | D:1      | Reached XP level 2. HP: 27/29 MP: 3/5
   476 | D:1      | Reached skill level 3 in Fighting
  1501 | D:2      | Identified the +1 leather armour "Icusk" {-Cast +Blink rF+}
  1766 | D:2      | Reached XP level 3. HP: 28/39 MP: 4/6
  1947 | D:2      | Reached skill level 4 in Fighting
  2083 | D:2      | Found a faded altar of an unknown god.
  2386 | D:3      | Found a broken altar of Ashenzari.
  2388 | D:3      | Noticed Terence
  2460 | D:3      | Killed Terence
  2461 | D:3      | Reached skill level 5 in Fighting
  2461 | D:3      | Reached XP level 4. HP: 30/50 MP: 5/7
  2700 | D:3      | Noticed Natasha
  2708 | D:3      | Killed Natasha
  2765 | D:3      | Found a glowing silver altar of Zin.
  2792 | D:3      | Found Buliohabo's Jewellery Shoppe.
  2811 | D:3      | Noticed a sky beast
  2974 | D:3      | Found a runed translucent door.
  2975 | D:3      | Noticed Crazy Yiuf
  3038 | D:3      | Found a hide-covered altar of Uskayaw.
  3042 | D:3      | Found a hazy altar of Hepliaklqana.
  3177 | D:3      | Noticed Natasha
  3182 | D:3      | Killed Natasha
  3183 | D:3      | Reached skill level 6 in Fighting
  3183 | D:3      | Reached XP level 5. HP: 51/59 MP: 6/8
  3275 | D:3      | Noticed Natasha
  3280 | D:3      | Killed Natasha
  3407 | D:3      | HP: 1/61 [Crazy Yiuf (4)]
  3408 | D:3      | Slain by Crazy Yiuf

Illustrated notes

Levels and vault maps discovered:
D:1:      dpeg_cavernosity, layout_loops_ring
D:2:      layout_loops_cross, shapermc_ecumenical_altar_mp_vishouse
D:3:      layout_loops_cross, nicolae_overflow_hidden_temple,
          nicolae_ashenzari_skybound, serial_shops,
          nicolae_shop_advertising_works [nicolae_subvault_shop_adworks],
          uniq_terence, uniq_natasha, uniq_crazy_yiuf_cottage

Skill      XL: |  1  2  3  4 |
---------------+-------------+-----
Fighting       | 2 3 5 6 |  6.6
Dodging        | |  1.7
Unarmed Combat | |  2.6
Spellcasting   | |  2.4
Transmutations | |  1.7

Action                   |  1- 3 |  4- 6 || total
-------------------------+-------+-------++-------
Melee: Unarmed           |    35 |       ||    35
       Kick              |    10 |     6 ||    16
       Headbutt          |     6 |     4 ||    10
       Hand axe          |    56 |    25 ||    81
       Punch             |     2 |     1 ||     3
 Cast: Beastly Appendage |    23 |    10 ||    33
  Use: Potion            |       |     1 ||     1
Armor: Robe              |    34 |     7 ||    41
Dodge: Dodged            |    54 |     7 ||    61

Table legend: (Time is in decaauts)
 A = Elapsed time spent in this place.
 B = Non-inter-level travel time spent in this place.
 C = Inter-level travel time spent in this place.
 D = Time resting spent in this place.
 E = Time spent auto-exploring this place.
 F = Levels seen in this place.
 G = Mean time per level.
                   A        B        C        D        E       F      G
               +--------+--------+--------+--------+--------+-----+--------+
         Total |   3430 |   3122 |    308 |    374 |   2414 |   3 | 1143.3 |
       Dungeon |   3430 |   3122 |    308 |    374 |   2414 |   3 | 1143.3 |
               +--------+--------+--------+--------+--------+-----+--------+

Top non-repeatable levels by time:
     D:1: 1419 daAuts
     D:3: 1062 daAuts
     D:2: 948 daAuts
